 Dungeon Crawl Stone Soup version 0.30.2 (webtiles) character file.

Game seed: 5833386413846691644

3514 ababab the Jinx (level 9, 0/39 HPs)
             Began as a Felid Enchanter on Apr 14, 2024.
             Was a Believer of Dithmenos.
             Slain by a warg (17 damage)
             ... on level 7 of the Dungeon.
             The game lasted 00:14:39 (7787 turns).

ababab the Jinx (Felid Enchanter)                   Turns: 7787, Time: 00:14:40

Health: 0/39       AC:  2    Str: 11      XL:     9   Next: 81%
Magic:  19/28      EV: 22    Int: 17 (18) God:    Dithmenos [**....]
Gold:   454        SH:  0    Dex: 21      Spells: 9/20 levels left
                                        Lives:  0   Deaths: 2

rFire   . .          .
                       - Unarmed
rCold   . . .        (shield unavailable)
rNeg    + . .        (body armour unavailable)
rPois   .            (helmet unavailable)
rElec   .            (cloak unavailable)
rCorr   .            (gloves unavailable)
SInv    +            (boots unavailable)
Will    +....        (no amulet)
Stlth   +++++++      a - ring of Qataps {Drain MP+9 Str+5 Dex+2}
HPRegen 0.26/turn    h - ring of positive energy
MPRegen 0.21/turn

%: clarity
@: confusing by touch, wreathed by umbra, quick
A: very small, claws 1, fangs 3, see invisible, speed 1, shaggy fur 2, stealthy
paws, no weapons or thrown items, no armour, multi-lived, thin skeletal
structure 1, clarity, deterioration 1
a: Renounce Religion, Shadow Step


You were on level 7 of the Dungeon.
You worshipped Dithmenos.
Dithmenos was pleased with you.
You visited 2 branches of the dungeon, and saw 9 of its levels.

You collected 454 gold pieces.

Inventory:

Jewellery
 a - the ring of Qataps (left paw) {Drain MP+9 Str+5 Dex+2}
   (You acquired it on level 6 of the Dungeon)

   [ring of magical power]

   Str:       It affects your strength (+5).
   Dex:       It affects your dexterity (+2).
   MP:        It affects your magic capacity (+9).
   Drain:     It drains your maximum health when unequipped.
 h - a ring of positive energy (right paw)
 q - a ring of flight
Wands
 r - a wand of acid (3)
 u - a wand of iceblast (11)
 w - a wand of flame (34)
Scrolls
 c - a scroll of poison {unknown}
 d - a scroll of noise
 e - 3 scrolls of enchant weapon
 g - 2 scrolls of amnesia {unknown}
 i - 3 scrolls of vulnerability
 j - a scroll of fog {unknown}
 k - 2 scrolls of fear {unknown}
 n - a scroll of blinking {unknown}
 o - a scroll of magic mapping
 t - a scroll of enchant armour {unknown}
 v - a scroll of immolation {unknown}
Potions
 b - 3 potions of haste
 f - 4 potions of brilliance
 l - 2 potions of ambrosia
 m - a potion of degeneration
 p - 3 potions of curing
 s - a potion of might
 x - a potion of heal wounds {unknown}
 z - 2 potions of berserk rage {unknown}


   Skills:
 + Level 4.2 Fighting
 + Level 6.6 Dodging
 + Level 7.7 Stealth
 + Level 4.5 Unarmed Combat
 * Level 6.4 Spellcasting
 + Level 2.0 Conjurations
 * Level 10.5 Hexes
 + Level 2.2 Ice Magic
 + Level 2.5 Air Magic
 + Level 2.4 Poison Magic


You had 9 spell levels left.
You knew the following spells:

 Your Spells              Type           Power      Damage    Failure   Level
a - Ensorcelled Hibernat  Hex/Ice        54%        N/A       1%          2
b - Confusing Touch       Hex            41%        N/A       1%          3
c - Tukima's Dance        Hex            41%        N/A       1%          3
d - Mephitic Cloud        Conj/Pois/Air  13%        N/A       14%         3

Your spell library contained the following spells:

 Spells                   Type           Power      Damage    Failure   Level
 Dazzling Flash           Conj/Hex       52%        N/A       2%          3
 Inner Flame              Hex/Fire       23%        N/A       4%          3
 Magic Dart               Conj           48%        1d5       5%          1
 Cigotuvi's Dreadful Rot  Necr/Pois/Air  22%        N/A       10%         2
 Apportation              Tloc           10%        N/A       12%         1
 Anguish                  Hex/Necr       11%        N/A       14%         4
 Leda's Liquefaction      Hex/Erth       11%        N/A       14%         4
 Call Imp                 Summ           10%        N/A       19%         2
 Spider Form              Tmut/Pois      9%         N/A       22%         3
 Call Canine Familiar     Summ           5%         N/A       36%         3
 Flame Wave               Conj/Fire      8%         2d5       63%         4
 Sticky Flame             Conj/Fire      8%         2d3       63%         4
 Dispel Undead            Necr           5%         3d7       77%         4
 Alistair's Intoxication  Tmut/Pois      6%         N/A       91%         5
 Death Channel            Necr           2%         N/A       100%        6
 Portal Projectile        Hex/Tloc       Unusable   N/A       N/A         3

Dungeon Overview and Level Annotations

Branches:
Dungeon (8/15)             Temple (1/1) D:4            Lair (0/5) D:8

Altars:
Ashenzari
Dithmenos
Elyvilon
Gozag
Hepliaklqana
Kikubaaqudgha
Nemelex Xobeh
Ru
Sif Muna
Trog
Vehumet

Shops:
D:3 [   D:4 =

Annotations:
D:5 2 transporters, mihai's ghost, amateur MiFi


Innate Abilities, Weirdness & Mutations

You have sharp claws.
You have razor-sharp teeth.
You have supernaturally acute eyesight. (SInv)
You cover ground quickly. (Speed+)
You are covered in thick fur. (AC +2)
Your paws help you pounce on unaware monsters.
You are incapable of wielding weapons or throwing items.
You cannot wear armour.
You gain extra lives every three experience levels.
You have a somewhat thin skeletal structure. (Dex +2, Stealth+)
You possess an exceptional clarity of mind.
Your body sometimes deteriorates upon taking damage.


Message History

a +0 dagger; a +0 robe; an orc corpse You catch the helpless warg completely off-guard!
You claw the warg!
You kill the warg!
Dithmenos accepts your kill.
An orc comes into view. It is wielding a +0 dagger.
You feel your dexterity returning.
An orc comes into view.
It is wielding a +2 war axe of draining.
You see here 2 stones.
The warg howls!
The warg stops to sniff the ground.
The warg pauses to sniff the ground.
There is a stone staircase leading up here.
The warg misses you.
You climb upwards.
There is a stone staircase leading down here.
Casting: Confusing Touch (safe; 1% risk of failure)
Confirm with . or Enter, or press ? or * to list all spells.
Your paws begin to glow red.
The warg misses you.
Okay, then.
Casting: Confusing Touch (safe; 1% risk of failure)
Confirm with . or Enter, or press ? or * to list all spells.
Aiming: Ensorcelled Hibernation (safe; 1% risk of failure)
Press: ? - help, Shift-Dir - straight line, f - warg
Aim: a warg (chance to confuse on hit: 50%, umbra, chance to affect: 40%)
The warg resists with some effort.
The warg barely misses you. The warg misses you.
Casting: Ensorcelled Hibernation (safe; 1% risk of failure)
Confirm with . or Enter, or press ? or * to list all spells.
Aiming: Ensorcelled Hibernation (safe; 1% risk of failure)
Press: ? - help, Shift-Dir - straight line, f/p - warg
Aim: a warg (chance to confuse on hit: 50%, umbra, chance to affect: 40%)
The warg resists with some effort.
The warg completely misses you.
Casting: Ensorcelled Hibernation (safe; 1% risk of failure)
Confirm with . or Enter, or press ? or * to list all spells.
Aiming: Ensorcelled Hibernation (safe; 1% risk of failure)
Press: ? - help, Shift-Dir - straight line, f/p - warg
Aim: a warg (chance to confuse on hit: 50%, umbra, chance to affect: 40%)
The warg resists with some effort.
The warg bites you!
You die...

#.....#######..##..###..
#.....####.##'###..###..
#..............#........
#..............#........
#..............#........
#..............#........
#.......##....###...####
#######'##....####'#####
#.....h@......#........#
#.......<.....#........#
#.............#........#
#..[.........###........
################.....###
#........# #........#
#........# #........#


You could see a warg.

Vanquished Creatures
  Maggie (D:8)
  Prince Ribbit (D:5)
  A steam dragon (D:6)
  A warg (D:8)
  An acid dragon (D:8)
  Duvessa (D:5)
  4 water moccasins
  2 sky beasts
  5 ice beasts
  An ogre (D:4)
  A centaur (D:5)
  A phantom (D:5)
  3 bullfrogs
  A gnoll sergeant (D:5)
  3 scorpions
  Dowan (D:6)
  3 howler monkeys
  9 orc priests
  3 hounds
  Crazy Yiuf (D:6)
  6 iguanas
  3 gnoll boudas
  A sleepcap (D:5)
  3 orc wizards
  11 gnolls
  10 adders
  A white imp (D:5)
  An ufetubus (D:6)
  2 worms
  19 orcs
  6 bats
  4 endoplasms
  A giant cockroach (D:2)
  10 goblins
  8 hobgoblins
  6 jackals
  4 quokkas
  7 ball pythons
  4 frilled lizards
  6 kobolds
  6 rats
163 creatures vanquished.

Vanquished Creatures (collateral kills)
  Ijyb (D:3)
  5 gnolls
  A kobold (D:6)
7 creatures vanquished.

Vanquished Creatures (others)
  3 dancing weapons
3 creatures vanquished.

Grand Total: 173 creatures vanquished

Notes
Turn   | Place    | Note
-------+----------+-------------------------------------------
     0 | D:1      | ababab the Felid Enchanter began the quest for the Orb.
     0 | D:1      | Reached XP level 1. HP: 7/7 MP: 4/4
   133 | D:1      | Reached XP level 2. HP: 6/11 MP: 6/6
   136 | D:1      | Learned a level 2 spell: Ensorcelled Hibernation
  1069 | D:2      | Reached XP level 3. HP: 15/15 MP: 7/7
  1073 | D:2      | Learned a level 3 spell: Confusing Touch
  1116 | D:2      | Reached skill level 5 in Hexes
  1925 | D:2      | Gained mutation: Your body sometimes deteriorates upon
                  | taking damage. [potion of mutation]
  1925 | D:2      | Gained mutation: You possess an exceptional clarity of
                  | mind. [potion of mutation]
  1925 | D:2      | Gained mutation: You have a somewhat thin skeletal
                  | structure. (Dex +2, Stealth+) [potion of mutation]
  1946 | D:2      | Reached skill level 1 in Fighting
  2053 | D:2      | Reached XP level 4. HP: 19/19 MP: 9/9
  2057 | D:2      | Learned a level 3 spell: Tukima's Dance
  2155 | D:3      | Noticed Ijyb
  2182 | D:3      | Found Nimox's Armour Shoppe.
  2402 | D:3      | Killed Ijyb
  2790 | D:3      | Slain by an orc priest
  2791 | D:3      | Reached XP level 3. HP: 0/15 MP: 4/8
  2851 | D:3      | Reached XP level 4. HP: 19/19 MP: 6/9
  3082 | D:4      | Found Hentugg's One-of-a-Kind Rings.
  3352 | D:4      | Reached skill level 6 in Hexes
  3352 | D:4      | Reached XP level 5. HP: 22/22 MP: 7/10
  3407 | D:4      | Noticed an ogre
  3416 | D:4      | Killed an ogre
  3501 | D:4      | Found a staircase to the Ecumenical Temple.
  3515 | Temple   | Entered the Ecumenical Temple
  3522 | Temple   | Became a worshipper of Dithmenos the Shadowed
  3745 | D:4      | Reached skill level 5 in Stealth
  3939 | D:5      | Entered Level 5 of the Dungeon
  3962 | D:5      | Gained mutation: You are covered in thick fur. (AC +2)
                  | [Felid growth]
  3962 | D:5      | Reached XP level 6. HP: 26/26 MP: 12/12
  4369 | D:5      | Reached skill level 7 in Hexes
  4369 | D:5      | Reached XP level 7. HP: 10/30 MP: 2/14
  4480 | D:5      | Identified the +2 ring mail of Heithuf {SInv}
  4676 | D:5      | Found a transporter.
  4677 | D:5      | Found a transporter.
  4677 | D:5      | Noticed mihai's ghost (amateur MiFi)
  4678 | D:5      | Identified the +2 great mace of the Gloaming {flame, rPois}
  4752 | D:5      | Noticed Prince Ribbit
  4758 | D:5      | Slain by Prince Ribbit
  4759 | D:5      | Reached XP level 6. HP: -4/27 MP: 8/13
  4789 | D:5      | Killed Prince Ribbit
  4790 | D:5      | Reached XP level 7. HP: 17/30 MP: 4/14
  5018 | D:5      | Reached * piety under Dithmenos
  5161 | D:6      | Reached skill level 5 in Dodging
  5188 | D:6      | Reached skill level 8 in Hexes
  5362 | D:6      | Reached skill level 5 in Spellcasting
  5495 | D:6      | Reached XP level 8. HP: 34/34 MP: 16/16
  5504 | D:6      | Learned a level 3 spell: Mephitic Cloud
  5542 | D:6      | Identified a scroll of acquirement
  5544 | D:6      | Acquired the ring of Qataps {Drain MP+9 Str+5 Dex+2}
  5581 | D:6      | Reached skill level 9 in Hexes
  5756 | D:6      | Noticed Dowan
  5948 | D:6      | Noticed Duvessa
  6084 | D:6      | Killed Dowan
  6085 | D:6      | Reached skill level 1 in Air Magic
  6085 | D:6      | Reached skill level 1 in Poison Magic
  6308 | D:6      | Found a bloodstained altar of Trog.
  6438 | D:6      | Found a runed translucent door.
  6439 | D:6      | Noticed Crazy Yiuf
  6516 | D:6      | Killed Crazy Yiuf
  6566 | D:5      | Killed Duvessa
  6567 | D:5      | Reached skill level 1 in Conjurations
  6567 | D:5      | Reached skill level 1 in Ice Magic
  6679 | D:7      | Reached ** piety under Dithmenos
  6708 | D:7      | Reached XP level 9. HP: 39/39 MP: 18/18
  7175 | D:7      | Reached skill level 10 in Hexes
  7664 | D:8      | Noticed Maggie
  7676 | D:8      | Killed Maggie
  7736 | D:8      | Found a staircase to the Lair.
  7787 | D:7      | Slain by a warg

Illustrated notes

Levels and vault maps discovered:
D:1:      dpeg_arrival_rooms_c, layout_loops_corners, dreamdust_wishing_well
D:2:      layout_loops_corners, minmay_3d_cube
D:3:      layout_basic, serial_shops, shop, uniq_ijyb
D:4:      layout_loops_ring, minmay_temple_entry_arrows, serial_rivers,
          chequers_serial_rivers_small_3, chequers_serial_rivers_small_3,
          chequers_serial_rivers_large_b, chequers_serial_rivers_marsh,
          chequers_serial_rivers_micro_c, chequers_serial_rivers_room_a,
          glass_columns_a, nicolae_shop_unique_rings
D:5:      layout_loops_corners, gammafunk_ghost_smash, st_stairs_1,
          uniq_prince_ribbit1
D:6:      layout_rooms, trog_hazing_becter, uniq_duvessa,
          uniq_crazy_yiuf_cottage
D:7:      layout_gridville
D:8:      layout_basic, erik_lair_orcish_takeover, minmay_misc_feat_plants,
          minmay_orc_keep, uniq_maggie
Temple:   compressed_dpeg_triangle_lava_temple

Skill      XL: |  1  2  3  4  5  6  7  8  9 |
---------------+----------------------------+-----
Dodging        | 3 4 5 6 |  6.6
Hexes          | 5 6 7 8 9 10 | 10.5
Fighting       | 1 2 3 4 |  4.2
Spellcasting   | 3 4 5 6 |  6.4
Unarmed Combat | 2 3 4 |  4.5
Stealth        | 5 6 7 |  7.7
Air Magic      | 1 2 |  2.5
Poison Magic   | 1 2 |  2.4
Conjurations   | 1 2 |  2.0
Ice Magic      | 1 2 |  2.2

Action                     |  1- 3 |  4- 6 |  7- 9 || total
---------------------------+-------+-------+-------++-------
  Melee: Unarmed           |   133 |   167 |   156 ||   456
         Bite              |     7 |    17 |    15 ||    39
         Punch             |     3 |     2 |     9 ||    14
   Cast: Ensorcelled Hiber |     9 |    23 |    68 ||   100
         Confusing Touch   |       |     6 |     8 ||    14
         Tukima's Dance    |       |     5 |    14 ||    19
  Evoke: Wand              |       |       |     8 ||     8
    Use: Potion            |     6 |     1 |       ||     7
         Scroll            |       |     7 |     6 ||    13
   Stab: Sleeping          |    13 |    24 |    48 ||    85
         Distracted        |     1 |       |     1 ||     2
         Confused          |       |     4 |     8 ||    12
 Armour: Skin              |     8 |    20 |     5 ||    33
  Dodge: Dodged            |   115 |   138 |   195 ||   448
